 Dungeon Crawl Stone Soup version 0.30-a0-930-gb9d0489357 (webtiles) character file.

Game seed: 1375291437152676257

553 promet the Caller (level 7, 0/38 HPs)
             Began as a Deep Elf Summoner on Mar 23, 2023.
             Slain by Duvessa
             ... wielding a +0 short sword
              (16 damage)
             ... on level 4 of the Dungeon.
             The game lasted 00:44:07 (5732 turns).

promet the Caller (Deep Elf Summoner)               Turns: 5732, Time: 00:44:08

Health: 0/38       AC:  8    Str:  7    XL:     7   Next: 8%
Magic:  12/17      EV: 18    Int: 20    God:
Gold:   152        SH:  0    Dex: 15    Spells: 10/16 levels left

rFire   + . .      SeeInvis .    a - +3 lajatang
rCold   . . .      Faith    .    (shield currently unavailable)
rNeg    . . .      Spirit   .    G - +2 robe {rF+}
rPois   .          Reflect  .    (no helmet)
rElec   .          Rampage  .    (no cloak)
rCorr   .                        (no gloves)
Will    .....                    (no boots)
Stlth   +++                      H - amulet of magic regeneration
HPRegen 0.26/turn                j - +4 ring of protection
MPRegen 0.55/turn                n - +5 ring of evasion

@: no status effects
A: no striking features
a: no special abilities


You were on level 4 of the Dungeon.
You visited 1 branch of the dungeon, and saw 4 of its levels.

You collected 152 gold pieces.

Inventory:

Hand Weapons
 a - a +3 lajatang (weapon)
 b - a +0 sling
 g - a +0 dagger
 h - a +0 hand axe
 i - a +0 short sword
 l - a +1 dagger of venom
 u - a +1 dagger of draining
 v - a +0 rapier
 A - a +1 whip of electrocution
 B - a +3 dagger of speed
 C - a +0 long sword of electrocution
 D - a +0 club
Missiles
 c - 40 stones
 m - 7 boomerangs
 p - 2 poisoned darts (quivered)
Armour
 G - a +2 robe of fire resistance (worn)
Jewellery
 e - a ring of fire
 j - a +4 ring of protection (left hand)
 n - a +5 ring of evasion (right hand)
 q - a ring of willpower
 H - an amulet of magic regeneration (around neck)
Wands
 y - a wand of flame (29)
 F - a wand of digging (4)
Scrolls
 o - a scroll of noise
 s - 2 scrolls of silence
 z - a scroll of identify
Potions
 d - 3 potions of curing
 f - a potion of mutation {unknown}
 k - 2 potions of magic
 r - a potion of ambrosia {unknown}
 w - 2 potions of brilliance
 x - a potion of lignification {unknown}
 E - a potion of attraction


   Skills:
 * Level 1.3 Fighting
 + Level 0.1 Short Blades
 + Level 1.1 Staves
 + Level 0.2 Throwing
 + Level 3.2 Dodging
 + Level 4.0 Stealth
 + Level 5.4 Spellcasting
 + Level 6.8 Summonings
 * Level 2.1 Evocations


You had 10 spell levels left.
You knew the following spells:

 Your Spells              Type           Power      Damage    Failure   Level
a - Summon Small Mammal   Summ           100%       N/A       1%          1
b - Call Imp              Summ           32%        N/A       1%          2
c - Call Canine Familiar  Summ           32%        N/A       1%          3

Your spell library contained the following spells:

 Spells                   Type           Power      Damage    Failure   Level
 Summon Guardian Golem    Hex/Summ       19%        N/A       9%          3
 Cigotuvi's Dreadful Rot  Necr/Pois/Air  10%        N/A       17%         2
 Ensorcelled Hibernation  Hex/Ice        10%        N/A       17%         2
 Passwall                 Tmut/Erth      4%         N/A       17%         2
 Summon Lightning Spire   Summ/Air       19%        N/A       26%         4
 Swiftness                Air            5%         N/A       32%         3
 Dispel Undead            Necr           5%         3d7       73%         4
 Conjure Ball Lightning   Conj/Air       2%         3x3d6     100%        6
 Death Channel            Necr           2%         N/A       100%        6
 Discord                  Hex            2%         N/A       100%        8
 Disjunction              Tloc           2%         N/A       100%        8


Dungeon Overview and Level Annotations

Branches:
Dungeon (4/15)
 Temple: D:4-7

Altars:
Okawaru
Wu Jian

Annotations:
D:4 Duvessa


Message History

Your quokka bites Duvessa but does no damage.
Your hound bites Duvessa but does no damage.
Duvessa misses your hound.
Your bat closely misses Duvessa.
Your hound bites Duvessa but does no damage.
The jelly closely misses your bat.
Duvessa hits your hound with a +0 short sword!
Your hound dies!
Your hound's corpse disappears in a puff of smoke!
Your quokka barely misses Duvessa.
Duvessa shouts!
Casting: Summon Small Mammal (safe; 1% risk of failure)
Confirm with . or Enter, or press ? or * to list all spells.
A metallic apparition takes form in the air.
Duvessa hits your bat with a +0 short sword!!
Your bat dies!
Your bat's corpse disappears in a puff of smoke!
Your quokka barely misses Duvessa.
Duvessa closely misses your quokka. The jelly attacks as you move away!
The jelly hits you but does no damage.
Duvessa looks more healthy.
Your quokka bites Duvessa but does no damage.
You swap places.
Your quokka bites Duvessa but does no damage.
Your iron imp hits Duvessa but does no damage.
The jelly hits your iron imp.
Your iron imp is splashed with acid!
The acid corrodes your iron imp!
Your quokka bites Duvessa but does no damage.
Duvessa closely misses your iron imp.
Casting: Call Imp (safe; 1% risk of failure)
Confirm with . or Enter, or press ? or * to list all spells.
The jelly barely misses your iron imp.
Duvessa hits your iron imp with a +0 short sword!
Your iron imp dies!
Your iron imp disappears in a puff of smoke!
Your quokka closely misses Duvessa.
Casting: Call Canine Familiar (safe; 1% risk of failure)
Confirm with . or Enter, or press ? or * to list all spells.
Your hound disappears in a puff of smoke!
Duvessa is no longer moving quickly.
Duvessa hits you with a +0 short sword!
You die...

#.[....#########.....
#.....##...#...##....
#...(##.........#....
+....#_.............#
#....##.........#...#
#.....##...#...##...#
#...r.##########....'
####..§eJ'.............#
.......@.#.............#
......h..#.............#
.........#..............
.........#.....##..)....
.........#'######.......
.........#..>...........
####.....#..............
#..!..#..............
#..............


You could see Duvessa (berserk, ally target), a jelly (ally target), a friendly
wolf (summoned) and a friendly quokka (summoned).

Vanquished Creatures
  A hound zombie (D:3)
  An adder skeleton (D:3)
  3 orcs
  An endoplasm (D:1)
  2 giant cockroaches
  5 goblins
  4 hobgoblins
  A jackal (D:3)
  A kobold (D:2)
  3 quokkas
  A ball python (D:2)
  2 bats (D:1)
  A frilled lizard (D:2)
  2 rats (D:3)
28 creatures vanquished.

Vanquished Creatures (collateral kills)
  Sigmund (D:4)
  Dowan (D:4)
  An orc priest (D:3)
  An iguana (D:4)
  Ijyb (D:3)
  2 orc wizards (D:4)
  Robin (D:3)
  7 adders
  An adder skeleton (D:3)
  2 dart slugs
  9 orcs
  3 ball pythons
  6 bats
  5 endoplasms
  2 giant cockroaches (D:1)
  13 goblins
  7 hobgoblins
  5 jackals
  2 quokkas
  A ball python zombie (D:3)
  5 frilled lizards
  6 kobolds
  5 rats
87 creatures vanquished.

Grand Total: 115 creatures vanquished

Notes
Turn   | Place    | Note
-------+----------+-------------------------------------------
     0 | D:1      | promet the Deep Elf Summoner began the quest for the Orb.
     0 | D:1      | Reached XP level 1. HP: 10/10 MP: 6/6
   390 | D:1      | Reached XP level 2. HP: 15/15 MP: 5/8
   503 | D:1      | Learned a level 2 spell: Call Imp
   849 | D:1      | Reached skill level 5 in Summonings
  1497 | D:1      | Reached XP level 3. HP: 19/19 MP: 6/9
  2282 | D:2      | Reached XP level 4. HP: 24/24 MP: 8/11
  2986 | D:3      | Noticed Robin
  3797 | D:3      | Killed Robin
  3799 | D:3      | Reached XP level 5. HP: 28/28 MP: 5/13
  4008 | D:3      | Reached skill level 6 in Summonings
  4122 | D:3      | Learned a level 3 spell: Call Canine Familiar
  4406 | D:3      | Found an ornate altar of the Wu Jian Council.
  4445 | D:3      | Noticed Ijyb
  4455 | D:3      | Killed Ijyb
  5067 | D:4      | Reached XP level 6. HP: 32/32 MP: 9/15
  5068 | D:4      | Reached skill level 1 in Evocations
  5586 | D:4      | Found an iron altar of Okawaru.
  5686 | D:4      | Noticed Sigmund
  5696 | D:4      | Noticed Dowan
  5696 | D:4      | Killed Sigmund
  5697 | D:4      | Reached skill level 1 in Fighting
  5697 | D:4      | Reached skill level 1 in Staves
  5697 | D:4      | Reached skill level 5 in Spellcasting
  5704 | D:4      | Killed Dowan
  5705 | D:4      | Reached XP level 7. HP: 38/38 MP: 17/17
  5705 | D:4      | Noticed Duvessa
  5732 | D:4      | Slain by Duvessa

Illustrated notes

Levels and vault maps discovered:
D:1:      dpeg_arrival_line_fractal, layout_basic
D:2:      minmay_evil_eye, layout_rooms, nrook_uturn, minmay_tetromino_o4
D:3:      layout_rooms, general_overflow_altar, serial_undead, serial_undead_d,
          serial_undead_e, serial_undead_a, serial_undead_b, uniq_robin,
          uniq_ijyb
D:4:      layout_gridville, marbit_many_paths, serial_shops,
          nicolae_inconvenience_store, uniq_sigmund, uniq_grinder, uniq_duvessa

Skill      XL: |  1  2  3  4  5  6 |
---------------+-------------------+-----
Summonings     | 5 6 |  6.8
Stealth        | 3 4 |  4.0
Spellcasting   | 4 5 |  5.4
Dodging        | 3 |  3.2
Evocations     | 2 |  2.1
Fighting       | 1 |  1.3
Staves         | 1 |  1.1
Short Blades   | |  0.1
Throwing       | |  0.2

Action                     |  1- 3 |  4- 6 |  7- 9 || total
---------------------------+-------+-------+-------++-------
  Melee: Unarmed           |    12 |       |       ||    12
         Punch             |     2 |       |       ||     2
         Dagger            |    21 |    23 |       ||    44
         Short sword       |     6 |       |       ||     6
         Lajatang          |       |    13 |     7 ||    20
         Long sword        |       |     3 |       ||     3
   Fire: Sling             |     1 |     2 |       ||     3
  Throw: Boomerang         |       |     6 |       ||     6
         Dart              |       |       |     1 ||     1
   Cast: Summon Small Mamm |    42 |    63 |     5 ||   110
         Call Imp          |     8 |    14 |     3 ||    25
         Call Canine Famil |       |     7 |     3 ||    10
    Use: Scroll            |     4 |    11 |       ||    15
         Potion            |       |       |     1 ||     1
   Stab: Sleeping          |     2 |     2 |       ||     4
 Armour: Robe              |    16 |    29 |     3 ||    48
  Dodge: Dodged            |    60 |    80 |     9 ||   149

Table legend: (Time is in decaauts)
 A = Elapsed time spent in this place.
 B = Non-inter-level travel time spent in this place.
 C = Inter-level travel time spent in this place.
 D = Time resting spent in this place.
 E = Time spent auto-exploring this place.
 F = Levels seen in this place.
 G = Mean time per level.
                   A        B        C        D        E       F      G
               +--------+--------+--------+--------+--------+-----+--------+
         Total |   5728 |   5394 |    334 |   2073 |    585 |   4 | 1432.0 |
       Dungeon |   5728 |   5394 |    334 |   2073 |    585 |   4 | 1432.0 |
               +--------+--------+--------+--------+--------+-----+--------+

Top non-repeatable levels by time:
     D:2: 2004 daAuts
     D:1: 1648 daAuts
     D:3: 1355 daAuts
     D:4: 720 daAuts
